TOP OF THE 1ST |
Indiana Hoosiers batting - Pitching for Maryland Terrapins : RHP José Morales
|
Pitching: RHP José Morales
|
|
Batting: LHB Jimmy Winters
|
0-0: Ball 1-0: Ball 2-0: Foul Ball, location: 2F 2-1: Hit by Pitch
|
Batting: RHB Chris Neal
|
0-0: Fly out, F7 (Flyball, 78D)
|
Batting: RHB Scott Young
|
0-0: Ball 1-0: Ball 2-0: Called Strike 2-1: SINGLE (Line Drive, 89M) Jimmy Winters to second
|
Batting: RHB Curt David
|
0-0: Ball 1-0: Ball 2-0: Ball 3-0: Called Strike 3-1: Called Strike 3-2: Strikes out swinging
|
Batting: RHB Stephen McNeely
|
0-0: Ground out 5-3 (Groundball, 2L)
|
Top of the 1st over - 0 runs, 1 hit, 0 errors, 2 left on base; Indiana 0 - Maryland 0 |
BOTTOM OF THE 1ST |
Maryland Terrapins batting - Pitching for Indiana Hoosiers : RHP Scott Doyle
|
Pitching: RHP Scott Doyle
|
|
Batting: SHB Philippe Paquin
|
0-0: Ball 1-0: SINGLE (Line Drive, 4MD)
|
Batting: LHB Winston Roberts
|
0-0: Ball 1-0: Called Strike 1-1: Swinging Strike 1-2: Ball 2-2: Reached on error, E1 (Groundball, P) Philippe Paquin to second
|
Batting: SHB Will Allen
|
0-0: Fly out, F8 (Line Drive, 8RM)
|
Batting: RHB Jeff O'Day
|
0-0: Called Strike 0-1: Foul Ball, location: 2F 0-2: Ball 1-2: Ball 2-2: Ball 3-2: Foul Ball, location: 2F 3-2: SINGLE (Groundball, 56S) (infield hit) Philippe Paquin to third Winston Roberts to second
|
Batting: RHB José Lazu
|
0-0: Swinging Strike 0-1: Ball 1-1: Ball 2-1: Ball 3-1: Base on Balls Philippe Paquin scores Winston Roberts to third Jeff O'Day to second
|
Batting: LHB Charlie Johnston
|
0-0: Foul Ball, location: 2F 0-1: SINGLE (Groundball, 3D) Winston Roberts scores Jeff O'Day to third José Lazu to second
|
Batting: RHB Kris Brown
|
0-0: Foul Ball, location: 2F 0-1: Ball 1-1: Ball 2-1: Foul Ball, location: 2F 2-2: Ball 3-2: Foul Ball, location: 2F 3-2: Strikes out swinging
|
Batting: RHB Les McCarty
|
0-0: Ball 1-0: Called Strike 1-1: Ball 2-1: Ball 3-1: Foul Ball, location: 2F 3-2: Base on Balls Jeff O'Day scores José Lazu to third Charlie Johnston to second
|
Batting: RHB Ben Barnes
|
0-0: Called Strike 0-1: Ball 1-1: Foul Ball, location: 2F 1-2: Strikes out looking
|
Bottom of the 1st over - 3 runs, 3 hits, 1 error, 3 left on base; Indiana 0 - Maryland 3 |
TOP OF THE 2ND |
Indiana Hoosiers batting - Pitching for Maryland Terrapins : RHP José Morales
|
Batting: SHB Bob Madrigal
|
0-0: Ball 1-0: Called Strike 1-1: Bunted foul 1-2: Ground out 4-3 (Groundball, 34)
|
Batting: RHB Frank Reed
|
0-0: Foul Ball, location: 2F 0-1: Ball 1-1: Foul Ball, location: 2F 1-2: Ground out 4-3 (Groundball, 4)
|
Batting: LHB Bill McCann
|
0-0: Fly out, F8 (Flyball, 8RM)
|
Top of the 2nd over - 0 runs, 0 hits, 0 errors, 0 left on base; Indiana 0 - Maryland 3 |
BOTTOM OF THE 2ND |
Maryland Terrapins batting - Pitching for Indiana Hoosiers : RHP Scott Doyle
|
Batting: SHB Philippe Paquin
|
0-0: Ball 1-0: Ball 2-0: Called Strike 2-1: Ball 3-1: Base on Balls
|
Batting: LHB Winston Roberts
|
0-0: Called Strike 0-1: Ball 1-1: Ball 2-1: Ball 3-1: Fielders Choice at 2nd, 1-4 (Groundball, 15S)
|
Batting: SHB Will Allen
|
0-0: Called Strike 0-1: Foul Ball, location: 2F 0-2: Ball 1-2: Fly out, F6 (Popup, 4MD)
|
Batting: RHB Jeff O'Day
|
0-0: 2-RUN HOME RUN (Flyball, 7D), Distance : 350 ft
|
Batting: RHB José Lazu
|
0-0: Called Strike 0-1: SINGLE (Line Drive, 89S)
|
Batting: LHB Charlie Johnston
|
0-0: Swinging Strike 0-1: Ball 1-1: SINGLE (Line Drive, 8LS) José Lazu to second
|
Batting: RHB Kris Brown
|
0-0: Ball 1-0: Swinging Strike 1-1: Ball 2-1: Ball 3-1: Fly out, F9 (Flyball, 9LMF)
|
Bottom of the 2nd over - 2 runs, 3 hits, 0 errors, 2 left on base; Indiana 0 - Maryland 5 |
TOP OF THE 3RD |
Indiana Hoosiers batting - Pitching for Maryland Terrapins : RHP José Morales
|
Batting: RHB Norm Walker
|
0-0: SINGLE (Flyball, 7S)
|
Batting: LHB Jimmy Winters
|
0-0: Called Strike 0-1: Foul Ball, location: 2F 0-2: Fly out, F8 (Flyball, 8LD)
|
Batting: RHB Chris Neal
|
0-0: Ball 1-0: Called Strike 1-1: Swinging Strike 1-2: Foul Ball, location: 2F 1-2: Ball 2-2: Strikes out swinging
|
Batting: RHB Scott Young
|
0-0: Called Strike 0-1: Ball 1-1: Ball 2-1: Called Strike 2-2: Strikes out looking
|
Top of the 3rd over - 0 runs, 1 hit, 0 errors, 1 left on base; Indiana 0 - Maryland 5 |
BOTTOM OF THE 3RD |
Maryland Terrapins batting - Pitching for Indiana Hoosiers : RHP Scott Doyle
|
Batting: RHB Les McCarty
|
0-0: Called Strike 0-1: Swinging Strike 0-2: Ground out 4-3 (Groundball, 4)
|
Batting: RHB Ben Barnes
|
0-0: Ball 1-0: SINGLE (Line Drive, 56)
|
Batting: SHB Philippe Paquin
|
0-0: Ball 1-0: Ball 2-0: Fly out, F5 (Popup, 25)
|
Batting: LHB Winston Roberts
|
0-0: Called Strike 0-1: Called Strike 0-2: Fly out, F4 (Line Drive, 4)
|
Bottom of the 3rd over - 0 runs, 1 hit, 0 errors, 1 left on base; Indiana 0 - Maryland 5 |
TOP OF THE 4TH |
Indiana Hoosiers batting - Pitching for Maryland Terrapins : RHP José Morales
|
Batting: RHB Curt David
|
0-0: Called Strike 0-1: Ball 1-1: Foul Ball, location: 2F 1-2: Ball 2-2: Ball 3-2: Foul Ball, location: 2F 3-2: SINGLE (Line Drive, 6D)
|
Batting: RHB Stephen McNeely
|
0-0: Called Strike 0-1: Ball 1-1: Ball 2-1: Foul Ball, location: 2F 2-2: Ball 3-2: Strikes out swinging
|
Batting: SHB Bob Madrigal
|
0-0: Foul Ball, location: 2F 0-1: Ball 1-1: SINGLE (Line Drive, 4) Curt David to second
|
Batting: RHB Frank Reed
|
0-0: Ball 1-0: Called Strike 1-1: Ball 2-1: Ball 3-1: Base on Balls Curt David to third Bob Madrigal to second
|
Batting: LHB Bill McCann
|
0-0: Called Strike 0-1: SINGLE (Flyball, 8LM) Curt David scores Bob Madrigal to third Frank Reed to second Runner from 3rd tries for Home, SAFE, no throw
|
Batting: RHB Norm Walker
|
0-0: Swinging Strike 0-1: Foul Ball, location: 2F 0-2: Foul Ball, location: 2F 0-2: Strikes out swinging
|
Batting: LHB Jimmy Winters
|
0-0: Called Strike 0-1: Swinging Strike 0-2: Foul Ball, location: 2F 0-2: Foul Ball, location: 2F 0-2: Strikes out swinging
|
Top of the 4th over - 2 runs, 3 hits, 0 errors, 2 left on base; Indiana 2 - Maryland 5 |
BOTTOM OF THE 4TH |
Maryland Terrapins batting - Pitching for Indiana Hoosiers : RHP Scott Doyle
|
Batting: SHB Will Allen
|
0-0: Ball 1-0: Fly out, F3 (Line Drive, 4)
|
Batting: RHB Jeff O'Day
|
0-0: Called Strike 0-1: Ball 1-1: SINGLE (Flyball, 34D)
|
Pitching: RHP Dave Murray
|
|
Batting: RHB José Lazu
|
0-0: Called Strike 0-1: Called Strike 0-2: Grounds into double play, 4-6-3 (Groundball, 34)
|
Bottom of the 4th over - 0 runs, 1 hit, 0 errors, 0 left on base; Indiana 2 - Maryland 5 |
TOP OF THE 5TH |
Indiana Hoosiers batting - Pitching for Maryland Terrapins : RHP José Morales
|
Batting: RHB Chris Neal
|
0-0: Ball 1-0: DOUBLE (Flyball, 9LD)
|
Batting: RHB Scott Young
|
0-0: Called Strike 0-1: 2-RUN HOME RUN (Flyball, 7D), Distance : 364 ft
|
Pitching: RHP José Machado
|
|
Batting: RHB Curt David
|
0-0: Ball 1-0: Ball 2-0: Ball 3-0: Called Strike 3-1: Base on Balls
|
Batting: RHB Stephen McNeely
|
0-0: Ball 1-0: Ball 2-0: Ball 3-0: Called Strike 3-1: Foul Ball, location: 2F 3-2: Base on Balls Curt David to second
|
Batting: SHB Bob Madrigal
|
0-0: Ball 1-0: Ball 2-0: Swinging Strike 2-1: Ball 3-1: 3-RUN HOME RUN (Flyball, 9D), Distance : 360 ft
|
Pitching: LHP Héctor Rodríguez
|
|
Batting: RHB Frank Reed
|
0-0: SINGLE (Line Drive, 56)
|
Batting: LHB Bill McCann
|
0-0: Ball 1-0: Foul Ball, location: 2F 1-1: Foul Ball, location: 2F 1-2: Ball 2-2: Strikes out looking
|
Batting: RHB Norm Walker
|
0-0: Ball 1-0: Swinging Strike 1-1: Foul Ball, location: 2F 1-2: Ball 2-2: Strikes out looking
|
Batting: LHB Jimmy Winters
|
0-0: Ball 1-0: Foul Ball, location: 2F 1-1: Foul Ball, location: 2F 1-2: Foul Ball, location: 2F 1-2: Foul Ball, location: 2F 1-2: SINGLE (Groundball, 4MD) Frank Reed to second
|
Batting: RHB Chris Neal
|
0-0: Ball 1-0: Called Strike 1-1: Swinging Strike 1-2: Ball 2-2: SINGLE (Flyball, 9S) Frank Reed to third Jimmy Winters to second
|
Batting: RHB Scott Young
|
0-0: Called Strike 0-1: Ball 1-1: Foul Ball, location: 2F 1-2: Ball 2-2: SINGLE (Groundball, 6MD) Frank Reed scores Jimmy Winters to third Chris Neal to second Runner from 3rd tries for Home, SAFE, no throw
|
Pitching: RHP Ernesto Mendoza
|
|
Batting: RHB Curt David
|
0-0: SINGLE (Groundball, 34D) Chris Neal to third Scott Young to second Runner from 3rd tries for Home, SAFE, no throw
|
Batting: RHB Stephen McNeely
|
0-0: Called Strike 0-1: Ball 1-1: Called Strike 1-2: Ball 2-2: Ball 3-2: Base on Balls Scott Young to third Curt David to second
|
Batting: SHB Bob Madrigal
|
0-0: Called Strike 0-1: Called Strike 0-2: Foul Ball, location: 2F 0-2: Fielders Choice at 2nd, 6-4 (Groundball, 6)
|
Top of the 5th over - 8 runs, 8 hits, 0 errors, 3 left on base; Indiana 10 - Maryland 5 |
BOTTOM OF THE 5TH |
Maryland Terrapins batting - Pitching for Indiana Hoosiers : RHP Dave Murray
|
Batting: LHB Charlie Johnston
|
0-0: Ground out 1-3 (Groundball, 15S)
|
Batting: RHB Kris Brown
|
0-0: Ball 1-0: Ball 2-0: Ball 3-0: Base on Balls
|
Batting: RHB Les McCarty
|
0-0: Called Strike 0-1: Ground out U3 (Groundball, 3S) Kris Brown to second
|
Batting: RHB Ben Barnes
|
0-0: DOUBLE (Line Drive, 78D) Kris Brown scores
|
Batting: SHB Philippe Paquin
|
0-0: Ball 1-0: Ground out 6-3 (Groundball, 6)
|
Bottom of the 5th over - 1 run, 1 hit, 0 errors, 1 left on base; Indiana 10 - Maryland 6 |
TOP OF THE 6TH |
Indiana Hoosiers batting - Pitching for Maryland Terrapins : LHP Ed Voight
|
Pitching: LHP Ed Voight
|
|
Batting: RHB Frank Reed
|
0-0: Ground out 6-3 (Groundball, 6)
|
Batting: LHB Bill McCann
|
0-0: Ball 1-0: Called Strike 1-1: Foul Ball, location: 2F 1-2: Strikes out swinging
|
Batting: RHB Norm Walker
|
0-0: Ball 1-0: Ball 2-0: Ball 3-0: Base on Balls
|
Batting: LHB Jimmy Winters
|
0-0: Called Strike 0-1: Ball 1-1: Ball 2-1: Foul Ball, location: 2F 2-2: Fly out, F7 (Flyball, 7)
|
Top of the 6th over - 0 runs, 0 hits, 0 errors, 1 left on base; Indiana 10 - Maryland 6 |
BOTTOM OF THE 6TH |
Maryland Terrapins batting - Pitching for Indiana Hoosiers : RHP Dave Murray
|
Batting: LHB Winston Roberts
|
0-0: DOUBLE (Line Drive, 9LM)
|
Batting: SHB Will Allen
|
0-0: Called Strike 0-1: Fly out, F8 (Flyball, 8LD)
|
Batting: RHB Jeff O'Day
|
0-0: Ball 1-0: Ball 2-0: Ball 3-0: Called Strike 3-1: Foul Ball, location: 2F 3-2: Strikes out swinging
|
Batting: RHB José Lazu
|
0-0: Ground out U3 (Groundball, 3)
|
Bottom of the 6th over - 0 runs, 1 hit, 0 errors, 1 left on base; Indiana 10 - Maryland 6 |
TOP OF THE 7TH |
Indiana Hoosiers batting - Pitching for Maryland Terrapins : LHP Ed Voight
|
Batting: RHB Chris Neal
|
0-0: Ball 1-0: Foul Ball, location: 2F 1-1: Ball 2-1: SINGLE (Groundball, 6D)
|
Batting: RHB Scott Young
|
0-0: Foul Ball, location: 2F 0-1: Ball 1-1: Called Strike 1-2: Ball 2-2: SINGLE (Line Drive, 34) Chris Neal to second Runner from 2nd tries for 3rd, SAFE, throw made to third
|
Batting: RHB Curt David
|
0-0: Ball 1-0: Swinging Strike 1-1: DOUBLE (Flyball, 89XD) Chris Neal scores Scott Young to third
|
Batting: RHB Stephen McNeely
|
0-0: Intentional Walk
|
Batting: SHB Bob Madrigal
|
0-0: Ball 1-0: Called Strike 1-1: Ball 2-1: SINGLE (Groundball, 4MD) Scott Young scores Curt David to third Stephen McNeely to second Runner from 3rd tries for Home, throw and OUT!
|
Pitching: RHP Pedro Gallegos
|
|
Batting: RHB Frank Reed
|
0-0: Ball 1-0: Ball 2-0: Ball 3-0: Base on Balls Stephen McNeely to third Bob Madrigal to second
|
Batting: LHB Bill McCann
|
0-0: Ball Wild Pitch! Stephen McNeely scores Bob Madrigal to third Frank Reed to second 1-0: Ball 2-0: Ball 3-0: Fly out, F8 (Flyball, 8RS) Runner from 3rd tags up, SCORES, no throw
|
Batting: RHB Norm Walker
|
0-0: Ball 1-0: Ball 2-0: Swinging Strike 2-1: Ball 3-1: Ground out 5-3 (Groundball, 5)
|
Top of the 7th over - 4 runs, 4 hits, 0 errors, 1 left on base; Indiana 14 - Maryland 6 |
BOTTOM OF THE 7TH |
Maryland Terrapins batting - Pitching for Indiana Hoosiers : RHP Dave Murray
|
Batting: LHB Charlie Johnston
|
0-0: Foul Ball, location: 2F 0-1: Ball 1-1: Ball 2-1: Foul Ball, location: 2F 2-2: Fly out, F9 (Line Drive, 89M)
|
Batting: RHB Kris Brown
|
0-0: Ball 1-0: Ball 2-0: Ball 3-0: Called Strike 3-1: Foul Ball, location: 2F 3-2: Foul Ball, location: 2F 3-2: Strikes out looking
|
Batting: RHB Les McCarty
|
0-0: Called Strike 0-1: Fly out, F4 (Popup, 23)
|
Bottom of the 7th over - 0 runs, 0 hits, 0 errors, 0 left on base; Indiana 14 - Maryland 6 |
TOP OF THE 8TH |
Indiana Hoosiers batting - Pitching for Maryland Terrapins : RHP Pedro Gallegos
|
Batting: LHB Jimmy Winters
|
0-0: Ball 1-0: Ground out 5-3 (Groundball, 56)
|
Batting: RHB Chris Neal
|
0-0: Called Strike 0-1: Called Strike 0-2: Ball 1-2: Strikes out swinging
|
Batting: RHB Scott Young
|
0-0: Called Strike 0-1: Called Strike 0-2: Ball 1-2: Foul Ball, location: 2F 1-2: Ground out 6-3 (Groundball, 6)
|
Top of the 8th over - 0 runs, 0 hits, 0 errors, 0 left on base; Indiana 14 - Maryland 6 |
BOTTOM OF THE 8TH |
Maryland Terrapins batting - Pitching for Indiana Hoosiers : RHP Dave Murray
|
Now at 2B: Luke Nelson
|
|
Batting: RHB Ben Barnes
|
0-0: Ball 1-0: Foul Ball, location: 2F 1-1: Foul Ball, location: 2F 1-2: Ball 2-2: DOUBLE (Line Drive, 78D)
|
Batting: SHB Philippe Paquin
|
0-0: Foul Ball, location: 2F 0-1: SINGLE (Groundball, 4M) (infield hit) Ben Barnes to third
|
Batting: LHB Winston Roberts
|
0-0: Fly out, F9 (Flyball, 89M) Runner from 3rd tags up, SCORES, throw made
|
Batting: SHB Will Allen
|
0-0: Ball 1-0: Swinging Strike 1-1: Foul Ball, location: 2F 1-2: Ground out 4-3 (Groundball, 4MS) Philippe Paquin to second
|
Batting: RHB Jeff O'Day
|
0-0: Ball 1-0: Foul Ball, location: 2F 1-1: Ball 2-1: SINGLE (Line Drive, 78S) Philippe Paquin to third Runner from 3rd tries for Home, SAFE, no throw
|
Batting: RHB José Lazu
|
0-0: Ball 1-0: Ball Wild Pitch! Jeff O'Day to second 2-0: Called Strike 2-1: Swinging Strike 2-2: Ball 3-2: Foul Ball, location: 2F 3-2: Base on Balls
|
Pitching: RHP Bob Kelly
|
|
Batting: LHB Charlie Johnston
|
0-0: Ball 1-0: Foul Ball, location: 2F 1-1: Called Strike 1-2: Strikes out swinging
|
Bottom of the 8th over - 2 runs, 3 hits, 0 errors, 2 left on base; Indiana 14 - Maryland 8 |
TOP OF THE 9TH |
Indiana Hoosiers batting - Pitching for Maryland Terrapins : RHP Pedro Gallegos
|
Batting: RHB Curt David
|
0-0: Ball 1-0: Called Strike 1-1: Ball 2-1: Foul Ball, location: 2F 2-2: Strikes out swinging
|
Batting: RHB Stephen McNeely
|
0-0: Called Strike 0-1: Ball 1-1: Foul Ball, location: 2F 1-2: Ball 2-2: Foul Ball, location: 2F 2-2: Ground out U3 (Groundball, 34)
|
Batting: SHB Bob Madrigal
|
0-0: Ball 1-0: Called Strike 1-1: Swinging Strike 1-2: Strikes out swinging
|
Top of the 9th over - 0 runs, 0 hits, 0 errors, 0 left on base; Indiana 14 - Maryland 8 |
BOTTOM OF THE 9TH |
Maryland Terrapins batting - Pitching for Indiana Hoosiers : RHP Bob Kelly
|
Batting: RHB Kris Brown
|
0-0: Foul Ball, location: 2F 0-1: Foul Ball, location: 2F 0-2: Ball 1-2: Ground out 1-3 (Groundball, 13)
|
Batting: RHB Les McCarty
|
0-0: Ball 1-0: Called Strike 1-1: Foul Ball, location: 2F 1-2: Ball 2-2: Strikes out swinging
|
Batting: RHB Ben Barnes
|
0-0: Called Strike 0-1: Fly out, F4 (Popup, 3D)
|
Bottom of the 9th over - 0 runs, 0 hits, 0 errors, 0 left on base; Indiana 14 - Maryland 8 |
|